 Dungeon Crawl Stone Soup version 0.19.1-1-g22dce08 (webtiles) character file.

288 Dolanko the Cudgeler (level 6, -3/56 HPs)
             Began as a Naga Fighter on Jan 10, 2017.
             Slain by a killer bee (7 damage)
             ... on level 2 of the Dungeon.
             The game lasted 00:02:54 (2273 turns).

Dolanko the Cudgeler (Naga Fighter)                 Turns: 2273, Time: 00:02:54

Health: -3/56      AC:  6    Str: 19    XL:     6   Next: 31%
Magic:  6/6        EV:  5    Int:  8    God:
Gold:   124        SH:  8    Dex: 12    Spells: 0 memorised, 5 levels left

rFire  . . .     SeeInvis +     a - +0 flail
rCold  . . .     Gourm    .     b - +0 scale mail
rNeg   . . .     Faith    .     c - +0 shield
rPois  +         Spirit   .     (no helmet)
rElec  .         Reflect  .     (no cloak)
rCorr  .         Harm     .     p - +0 pair of gloves
MR     +....                    (no barding)
Stlth  +.........               (no amulet)
                                m - ring of protection from magic
                                k - ring of stealth

@: very slow
A: see invisible, deformed body, poison resistance, slowness 2, slow metabolism
1, spit poison 1, AC +2
a: Spit Poison


You were on level 2 of the Dungeon.
You were hungry.

You visited 1 branch of the dungeon, and saw 3 of its levels.

You collected 124 gold pieces.

Inventory:

Hand Weapons
 a - a +0 flail (weapon)
Armour
 b - a +0 scale mail (worn)
 c - a +0 shield (worn)
 p - a +0 pair of gloves (worn)
Jewellery
 k - a ring of stealth (left hand)
 m - a ring of protection from magic (right hand)
Scrolls
 e - a scroll of fear {unknown}
 g - 2 scrolls of amnesia {unknown}
 j - a scroll of identify {unknown}
 n - a scroll of magic mapping {unknown}
Potions
 h - a potion of cancellation {unknown}
 l - a potion of heal wounds {unknown}
 q - a potion of invisibility {unknown}
Comestibles
 f - 2 bread rations
 o - 3 fruits


   Skills:
 - Level 3.0 Fighting
 + Level 6.4 Maces & Flails
 - Level 2.4 Armour
 - Level 2.4 Shields


You had 5 spell levels left.
You didn't know any spells.

Dungeon Overview and Level Annotations

Branches:
Dungeon (3/15)

Altars:
Sif Muna
Xom
The Shining One


Innate Abilities, Weirdness & Mutations

You cannot wear boots.
Your serpentine skin is tough. (AC +2)
You have supernaturally acute eyesight. (SInv)
Armour fits poorly on your strangely shaped body.
Your system is resistant to poisons. (rPois)
You cover ground very slowly.
You have a slow metabolism.
You can spit poison.


Message History

The killer bee buzzes angrily.
A killer bee comes into view.
Items here: ))) [ † a flail; a scale mail; a club; a flail; a hobgoblin corpse You butcher the hobgoblin corpse.
The killer bee stings you.
* * * LOW HITPOINT WARNING * * *
The killer bee stings you.
* * * LOW HITPOINT WARNING * * *
Items here: % ))) [ a flail; a scale mail; a club; a flail; 2 chunks of flesh You block the killer bee's attack.
The killer bee stings you but does no damage.
There is a stone staircase leading up, spattered with blood here.
You block the killer bee's attack. The killer bee stings you.
* * * LOW HITPOINT WARNING * * *
You climb upwards.
There is a stone staircase leading down here.
You miss the killer bee. You block the killer bee's attack. x2
You miss the killer bee. The killer bee stings you!
You die...

...8......#.........####..#.#..#
..........#.........# #.#†..#.##
#(....#####.........# #.#.###...
(#...#'.###.........# #..#.#####
.#...#†..##.........# ##.##..## #
##...##.>##.........###.......###
#.....####...........)..........'
........###.....y...###.#....####
.......## #....>@...# #.##...# #
#.....## #####.##### #.####.#
##...## #.# #.####.# ##'## #.#
#......# #.# #.## ######.# #.#
#..# #.#### ##.## ##.# #.##..
##...## #.# #.##.# #.....# #.#
#.##.#


You could see a killer bee.

Vanquished Creatures
  Sigmund (D:2)
  A killer bee (D:3)
  An ooze (D:2)
  3 worms (D:2)
  5 dart slugs
  3 leopard geckos
  3 orcs (D:3)
  A ball python (D:1)
  3 bats
  4 giant cockroaches
  5 goblins
  5 hobgoblins
  10 kobolds
  3 frilled lizards
  5 rats
53 creatures vanquished.

Notes
Turn   | Place    | Note
-------+----------+-------------------------------------------
     0 | D:1      | Dolanko the Naga Fighter began the quest for the Orb.
     0 | D:1      | Reached XP level 1. HP: 21/21 MP: 1/1
    65 | D:1      | Reached XP level 2. HP: 17/28 MP: 2/2
   403 | D:1      | Reached skill level 3 in Maces & Flails
   505 | D:1      | Reached XP level 3. HP: 34/34 MP: 3/3
  1133 | D:2      | Found a shimmering altar of Xom.
  1389 | D:2      | Reached skill level 4 in Maces & Flails
  1640 | D:2      | Reached XP level 4. HP: 40/42 MP: 4/4
  1855 | D:2      | Noticed Sigmund
  1879 | D:2      | Killed Sigmund
  1879 | D:2      | Reached skill level 6 in Maces & Flails
  1879 | D:2      | Reached XP level 5. HP: 21/49 MP: 5/5
  1879 | D:2      | Reached XP level 6. HP: 24/56 MP: 6/6
  2068 | D:2      | Found a glowing golden altar of the Shining One.
  2128 | D:2      | Found a deep blue altar of Sif Muna.
  2273 | D:2      | Slain by a killer bee

Skill      XL: |  1  2  3  4 |
---------------+-------------+-----
Maces & Flails | 3 4 6 |  6.4
Fighting       | |  3.0
Armour         | |  2.4
Shields        | |  2.4

Action                   |  1- 3 |  4- 6 || total
-------------------------+-------+-------++-------
Melee: Flail             |   108 |    63 ||   171
 Abil: Spit Poison       |     2 |     3 ||     5
  Use: Potion            |       |     4 ||     4
  Eat: Chunk             |     2 |     1 ||     3
Armor: Scale mail        |    36 |    22 ||    58
Dodge: Dodged            |    17 |    11 ||    28
Block: Shield            |    64 |    28 ||    92
